 Dungeon Crawl Stone Soup version 0.15.1-1-gfacfea3 (webtiles) character file.

170 hcnick2 the Chiller (level 5, 0/38 HPs)
             Began as a Ghoul Ice Elementalist on Sept 20, 2014.
             Slain by an ogre zombie (13 damage)
             ... on Level 3 of the Dungeon on Sept 21, 2014.
             The game lasted 00:20:44 (5079 turns).

hcnick2 the Chiller (Ghoul Ice Elementalist)        Turns: 5079, Time: 00:20:45

HP   0/38        AC  3     Str 12      XL: 5   Next: 51%
MP   1/8         EV 12     Int 11      God:
Gold 86          SH  0     Dex  9      Spells:  2 memorised,  6 levels left

rFire  . . .     SeeInvis .     x - +0 hand axe
rCold  + . .     Clarity  +     a - +0 robe
rNeg   + + +     rCorr    .     (no shield)
rPois  +         rRot     +     (no helmet)
rElec  .         Spirit   .     (no cloak)
SustAb .         Warding  .     v - +0 pair of gloves (curse)
rMut   .         Stasis   .     (no boots)
Saprov + + +                    w - amulet of clarity
MR     .....                    (no ring)
                                f - ring of invisibility

@: rotting, not resistant to hostile enchantments, unstealthy
A: rotting body, claws 1, carnivore 3, cold resistance 1, negative energy
resistance 3, poison resistance, saprovore 3, slow healing 1, torment
resistance, unbreathing
a: Evoke Invisibility


You were on level 3 of the Dungeon.
You were not hungry.

You visited 1 branch of the dungeon, and saw 3 of its levels.

You collected 86 gold pieces.

Inventory:

Hand weapons
 l - a +0 dagger
 x - a +0 hand axe (weapon)
Armour
 a - a +0 robe (worn)
 v - a cursed +0 pair of gloves (worn)
Comestibles
 s - a meat ration
 z - 2 chunks of jackal flesh
 A - 2 chunks of jackal flesh
Scrolls
 c - a scroll of fog {unknown}
 g - 5 scrolls of identify {unknown}
 i - 2 scrolls of amnesia {unknown}
 m - a scroll of immolation {unknown}
 n - 2 scrolls of teleportation {unknown}
 o - a scroll of remove curse {unknown}
 p - a scroll of recharging {unknown}
 q - a scroll of enchant armour {unknown}
 t - a scroll of noise {unknown}
Jewellery
 f - a ring of invisibility (left hand)
 w - an amulet of clarity (around neck)
Potions
 d - 2 potions of heal wounds {unknown}
 e - a potion of flight {unknown}
 h - 2 potions of restore abilities {unknown}
 j - 3 potions of curing {unknown}
 k - a potion of brilliance {unknown}
 u - a potion of confusion {unknown}
Books
 b - a book of Frost

   Spells                             Type                      Level
   *Freeze                            Ice                          1
   *Throw Frost                       Conjuration/Ice              2
   Ozocubu's Armour                   Charms/Ice                   3
   Throw Icicle                       Conjuration/Ice              4
   Summon Ice Beast                   Ice/Summoning                4
   Condensation Shield                Ice                          4


   Skills:
 + Level 2.9 Dodging
 - Level 2.1 Stealth
 + Level 2.6 Spellcasting
 - Level 0.7 Conjurations
 * Level 5.2 Ice Magic


You had 6 spell levels left.
You knew the following spells:

 Your Spells              Type           Power        Failure   Level  Hunger
a - Freeze                Ice            ##..         3%          1    ##.....
b - Throw Frost           Conj/Ice       #.....       14%         2    ###....


Dungeon Overview and Level Annotations

Branches:
Dungeon (3/15)

Altars:


Innate Abilities, Weirdness & Mutations

Your body is rotting away.
You have sharp fingernails.
You are carnivorous and can eat meat at any time.
Your flesh is cold resistant.
You are immune to negative energy.
Your system is resistant to poisons.
You thrive on rotten meat.
You heal slowly when monsters are visible.
You are immune to unholy pain and torment.
You can survive without breathing.


Message History

Casting: Throw Frost
Confirm with . or Enter, or press ? or * to list all spells.
Aiming: Throw Frost
Press: ? - help, Shift-Dir - straight line, f/p - ogre zombie
Aim: an ogre zombie The puff of frost hits the ogre zombie.
The ogre zombie resists.
Casting: Throw Frost
Confirm with . or Enter, or press ? or * to list all spells.
You don't have enough magic to cast that spell.
Unknown command.
Casting: Throw Frost
Confirm with . or Enter, or press ? or * to list all spells.
Aiming: Freeze
Press: ? - help, Shift-Dir - straight line, f/p - ogre zombie
Aim: an ogre zombie You freeze the ogre zombie.
The ogre zombie completely resists.
You hit the ogre zombie. The ogre zombie hits you!
You hit the ogre zombie. The ogre zombie hits you.
You slash the ogre zombie! The ogre zombie hits you. The ogre zombie hits you!
You die...

.........# #####.)......# #...
.(......(# #............# #...
.........# #.....)....### #...
.........# #..........# ##...
.........# #..........# #....
.........# #..........# #...§
.........# #..........# #...§
...####### #.....<....# #..§.
##.##....######.@Z.......####....
.................................
....#............#######.........
###..............# #.........
.....#'#..8......# #.....####
.##..#.#.........# ###'##...<
.#..[#.#.....##### #.##.###
.#.....####### #.##.... .#..#.##
#.######


You could see an ogre zombie.

Vanquished Creatures
  Ijyb (D:2)
  An ogre skeleton (D:3)
  2 adders (D:2)
  3 worms
  2 giant geckos (D:1)
  2 oozes
  4 orcs
  12 bats
  A bat zombie (D:3)
  2 giant cockroaches
  8 goblins
  6 hobgoblins
  6 kobolds
  4 quokkas
  A giant gecko zombie (D:3)
  3 giant newts
  A giant newt skeleton (D:3)
  A giant newt zombie (D:3)
  22 jackals
  A jackal zombie (D:3)
  A kobold skeleton (D:3)
  A kobold zombie (D:3)
  An orc skeleton (D:3)
  An orc zombie (D:3)
  5 rats
  A rat skeleton (D:3)
93 creatures vanquished.

Notes
Turn   | Place    | Note
--------------------------------------------------------------
     0 | D:1      | hcnick2, the Ghoul Ice Elementalist, began the quest for the Orb.
     0 | D:1      | Reached XP level 1. HP: 14/14 MP: 2/2
   353 | D:1      | Reached XP level 2. HP: 20/20 MP: 3/3
  1121 | D:1      | Reached XP level 3. HP: 15/26 MP: 3/5
  1236 | D:1      | Reached skill level 4 in Ice Magic
  1469 | D:2      | Learned a level 2 spell: Throw Frost
  1514 | D:2      | Noticed Ijyb
  1920 | D:2      | Killed Ijyb
  1920 | D:2      | Reached XP level 4. HP: 3/33 MP: 0/6
  3156 | D:3      | Reached XP level 5. HP: 23/38 MP: 1/8
  3709 | D:3      | Reached skill level 5 in Ice Magic
  5079 | D:3      | Slain by an ogre zombie

Action                   |  1- 3 |  4- 6 || total
-------------------------+-------+-------++-------
Melee: Unarmed           |    73 |   103 ||   176
       Dagger            |    25 |    75 ||   100
       Hand axe          |       |    37 ||    37
 Cast: Freeze            |    52 |   134 ||   186
       Throw Frost       |       |    14 ||    14
 Stab: Sleeping          |       |     1 ||     1
  Eat: Chunk             |    11 |    24 ||    35
